 Dungeon Crawl Stone Soup version 0.23.2-1-ga50397a (webtiles) character file.

Game seed: 17340877693198508868

2099 troglodite the Covert (level 9, -3/60 HPs)
             Began as an Octopode Assassin on May 21, 2019.
             Was a Priest of Dithmenos.
             Slain by a hog (12 damage)
             ... on level 7 of the Dungeon.
             The game lasted 00:28:38 (9551 turns).

troglodite the Covert (Octopode Assassin)           Turns: 9551, Time: 00:28:39

Health: -3/60      AC:  2    Str: 10    XL:     9   Next: 28%
Magic:  10/10      EV: 14    Int: 14    God:    Dithmenos [***...]
Gold:   310        SH:  0    Dex: 16    Spells: 5/10 levels left

rFire    . . .     SeeInvis .   D - staff of poison (curse)
rCold    . . .     Gourm    .   (no shield)
rNeg     . . .     Faith    .   (helmet restricted)
rPois    +         Spirit   .   (no amulet)
rElec    .         Reflect  .   A - +1 ring of protection
rCorr    .         Harm     .   v - ring of protection from magic
MR       +....                  B - ring of poison resistance
Stlth    +++++++...             (no ring)
HPRegen  0.20/turn              (no ring)
MPRegen  0.12/turn              (no ring)
                                (no ring)
                                (no ring)

@: wreathed by umbra, heavily drained
A: almost no armour, stealthy swim, amphibious, 8 rings, constrict 8, camouflage
1, gelatinous body 1
a: Shadow Step, Renounce Religion


You were on level 7 of the Dungeon.
You worshipped Dithmenos.
Dithmenos was most pleased with you.
You were not hungry.

You visited 1 branch of the dungeon, and saw 9 of its levels.
You also visited: Ossuary.

You collected 310 gold pieces.

Inventory:

Hand Weapons
 a - a +3 dagger
 b - a +0 blowgun
 j - a cursed +5 dagger
Missiles
 c - 29 poisoned needles
 d - 2 curare-tipped needles
 e - 142 sling bullets
 g - 199 stones (quivered)
Magical Staves
 D - a cursed staff of poison (weapon)
Jewellery
 v - a ring of protection from magic (right tentacle)
 x - an uncursed ring of fire
 A - a +1 ring of protection (left tentacle)
 B - a ring of poison resistance (on tentacle)
Wands
 i - a wand of acid (10)
 y - a wand of random effects (8)
 z - a wand of polymorph (5)
Scrolls
 n - 2 scrolls of teleportation
 w - a scroll of blinking {unknown}
 C - a scroll of magic mapping
Potions
 h - 3 potions of curing
 k - a potion of magic
 l - 3 potions of haste
 m - 5 potions of heal wounds
 o - a potion of might
 p - 3 potions of flight
 q - 2 potions of brilliance
 r - a potion of agility {unknown}
 t - 2 potions of mutation
 u - 2 potions of lignification
Comestibles
 f - 9 rations


   Skills:
 * Level 4.8(3.3) Fighting
 * Level 6.4(4.8) Short Blades
 + Level 2.4(1.0) Throwing
 * Level 4.5(3.0) Dodging
 * Level 11.5(9.7) Stealth
 * Level 1.2(0.0) Spellcasting
 * Level 1.0(0.0) Summonings
 * Level 1.0(0.0) Ice Magic
 * Level 0.1(0.0) Evocations


You had 5 spell levels left.
You knew the following spells:

 Your Spells              Type           Power        Failure   Level  Hunger
a - Summon Small Mammal   Summ           #...         28%         1    ##.....
b - Summon Ice Beast      Ice/Summ       #.......     96%         4    #####..

Your spell library contained the following spells:

 Spells                   Type           Power        Failure   Level  Hunger
 Call Imp                 Summ           #.......     41%         2    ###....
 Call Canine Familiar     Summ           #.......     65%         3    ####...
 Summon Guardian Golem    Hex/Summ       #.......     65%         3    ####...
 Summon Lightning Spire   Summ/Air       #.......     96%         4    #####..


Dungeon Overview and Level Annotations

Branches:
Dungeon (9/15)             Temple (0/1) D:5            Lair (0/6) D:8
    Orc: D:9-12

Altars:
Cheibriados
Dithmenos
Elyvilon
Gozag
Kikubaaqudgha
Makhleb
Nemelex Xobeh
Qazlal
Sif Muna
Vehumet
Xom
Yredelemnul

Shops:
D:8 !


Innate Abilities, Weirdness & Mutations

You cannot wear most types of armour.
You are very stealthy in the water. (Stealth+)
You are amphibious.
You can wear up to eight rings at the same time.
You can use your tentacles to constrict eight enemies at once.
Your skin changes colour to match your surroundings (Stealth+).
Your rubbery body absorbs attacks. (AC +1, EV +1)


Message History

The human hits you with a +0 hand axe! The hog bites you!
You hit the human.
The human is heavily wounded.
You constrict the human. The hog misses you. The hog bites you!
* * * LOW HITPOINT WARNING * * *
The hog bites you!
* * * LOW HITPOINT WARNING * * *
The human barely misses you. The hog completely misses you.
The hog barely misses you.
You release your grip on the human.
The hog bites you but does no damage. The hog closely misses you.
The hog misses you. The hog bites you.
* * * LOW HITPOINT WARNING * * *
You see here 19 gold pieces.
You feel much better. The hog bites you.
* * * LOW HITPOINT WARNING * * *
The hog bites you!
* * * LOW HITPOINT WARNING * * *
The hog bites you!
You die...

.#..##..........#.###
#.......
.......#######....#
#..##.... .#######
#..".### ....# #.... ##
#########.#############
#.... ##
............#%%#..#
#.... ..
####...####h.#%.# #.###
## ##...### #hp'..#
#.## ##..### #hh#..#
#..# #####..## #@.#..#
####.# #.....##
##'##### ##....#
#.##### #...# #..####
..# #..#########.## ###
#.####.......# #
#......####### ########


You could see 4 hogs and a human.

Vanquished Creatures
  Prince Ribbit (D:6)
  Menkaure (Ossuary)
  An orc warrior (D:5)
  2 ogres
  2 centaurs (D:6)
  2 bullfrogs
  3 scorpions
  3 wights (D:7)
  A vampire bat (D:5)
  3 crimson imps
  3 orc priests
  4 orc wizards
  A centaur skeleton (D:7)
  2 bullfrog skeletons
  4 iguanas
  7 worker ants
  3 mummies (Ossuary)
  4 gnolls
  A worker ant zombie (D:6)
  3 adders
  A worm zombie (D:5)
  3 dart slugs
  6 leopard geckos
  17 orcs
  3 ball pythons
  8 bats
  2 bat skeletons (D:5)
  3 bat zombies (D:5)
  5 giant cockroaches
  7 gnoll zombies (Ossuary)
  3 goblins
  7 hobgoblins
  14 jackals
  4 quokkas
  3 frilled lizards
  2 gnoll skeletons (Ossuary)
  4 goblin skeletons (Ossuary)
  5 goblin zombies (Ossuary)
  4 hobgoblin skeletons (Ossuary)
  2 hobgoblin zombies (Ossuary)
  A jackal skeleton (D:4)
  8 kobolds
  6 kobold skeletons (Ossuary)
  2 kobold zombies (Ossuary)
  A leopard gecko skeleton (D:4)
  2 orc skeletons (Ossuary)
  6 orc zombies (Ossuary)
  11 rats
  7 rat skeletons (Ossuary)
  3 rat zombies (Ossuary)
201 creatures vanquished.

Notes
Turn   | Place    | Note
-------+----------+-------------------------------------------
     0 | D:1      | troglodite the Octopode Assassin began the quest for the
                  | Orb.
     0 | D:1      | Reached XP level 1. HP: 14/14 MP: 1/1
   107 | D:1      | Reached XP level 2. HP: 15/19 MP: 2/2
   819 | D:1      | Reached skill level 6 in Stealth
  1005 | D:1      | Reached XP level 3. HP: 24/24 MP: 3/3
  1784 | D:2      | Reached XP level 4. HP: 20/30 MP: 4/4
  2322 | D:2      | Reached skill level 7 in Stealth
  2507 | D:2      | Reached XP level 5. HP: 15/35 MP: 5/5
  3039 | D:3      | Found a shimmering altar of Xom.
  3417 | D:3      | Reached XP level 6. HP: 37/42 MP: 6/6
  3577 | D:3      | Found a basalt altar of Yredelemnul.
  3635 | D:3      | Found a white marble altar of Elyvilon.
  3959 | D:4      | Reached skill level 8 in Stealth
  4257 | D:4      | Reached XP level 7. HP: 32/46 MP: 7/7
  4791 | D:5      | Entered Level 5 of the Dungeon
  4834 | D:5      | Found a burning altar of Makhleb.
  4835 | D:5      | Found a radiant altar of Vehumet.
  4865 | D:5      | Found a shadowy altar of Dithmenos.
  4873 | D:5      | Became a worshipper of Dithmenos the Shadowed
  4945 | D:5      | Found a staircase to the Ecumenical Temple.
  4978 | D:5      | Found a deep blue altar of Sif Muna.
  4978 | D:5      | Found a sparkling altar of Nemelex Xobeh.
  4984 | D:5      | Found a snail-covered altar of Cheibriados.
  4984 | D:5      | Found a shadowy altar of Dithmenos.
  5006 | D:5      | Found a sand-covered staircase.
  5101 | Ossuary  | Entered an ossuary
  5310 | Ossuary  | Reached * piety under Dithmenos
  5509 | Ossuary  | Reached ** piety under Dithmenos
  5557 | Ossuary  | Noticed Menkaure
  5569 | Ossuary  | Killed Menkaure
  5569 | Ossuary  | Reached skill level 9 in Stealth
  6215 | D:5      | Found an ancient bone altar of Kikubaaqudgha.
  6291 | D:5      | Reached skill level 5 in Short Blades
  6291 | D:5      | Reached XP level 8. HP: 35/54 MP: 8/8
  6980 | D:5      | Reached skill level 10 in Stealth
  7346 | D:6      | Noticed Prince Ribbit
  7353 | D:6      | Killed Prince Ribbit
  7356 | D:6      | Reached *** piety under Dithmenos
  7608 | D:6      | Found an opulent altar of Gozag.
  7721 | D:6      | Reached skill level 11 in Stealth
  7734 | D:6      | Learned a level 1 spell: Summon Small Mammal
  7739 | D:6      | Learned a level 4 spell: Summon Ice Beast
  7749 | D:6      | Found a stormy altar of Qazlal.
  7769 | D:6      | Reached XP level 9. HP: 59/59 MP: 9/9
  8081 | D:7      | You fall through a shaft for 2 floors!
  8354 | D:8      | Found a staircase to the Lair.
  8355 | D:8      | Noticed a komodo dragon
  8413 | D:8      | Found Dunul's Distillery.
  8963 | D:7      | Reached skill level 1 in Spellcasting
  9207 | D:6      | Reached skill level 1 in Summonings
  9207 | D:6      | Reached skill level 1 in Ice Magic
  9550 | D:7      | HP: 2/60 [hog (6)]
  9551 | D:7      | Slain by a hog

Skill      XL: |  1  2  3  4  5  6  7  8  9 |
---------------+----------------------------+-----
Stealth        | 6 7 8 9 11 | 11.5
Fighting       | 3 4 |  4.8
Short Blades   | 3 4 5 6 |  6.4
Dodging        | 2 3 4 |  4.5
Spellcasting   | 1 |  1.2
Summonings     | 1 |  1.0
Ice Magic      | 1 |  1.0
Throwing       | |  2.4
Evocations     | |  0.1

Action                   |  1- 3 |  4- 6 |  7- 9 || total
-------------------------+-------+-------+-------++-------
Melee: Dagger            |    47 |   162 |   285 ||   494
       Constrict         |    13 |    37 |    60 ||   110
       Tentacles         |    10 |    33 |    65 ||   108
       Staff             |       |       |    38 ||    38
 Fire: Blowgun           |     3 |       |       ||     3
Evoke: Wand              |       |       |     1 ||     1
  Use: Scroll            |       |     8 |    12 ||    20
       Potion            |       |       |     2 ||     2
 Stab: Sleeping          |    15 |    12 |    29 ||    56
       Distracted        |       |       |     2 ||     2
  Eat: Chunk             |     2 |     8 |     9 ||    19
       Ration            |       |       |     3 ||     3
Armor: Skin              |     3 |    14 |    19 ||    36
Dodge: Dodged            |    15 |    98 |   200 ||   313
